 Dungeon Crawl Stone Soup version 0.30.1-11-g7821555f0a (webtiles) character file.

Game seed: 8671486814725336141

763 Jynx the Basher (level 7, 0/87 HPs)
             Began as a Minotaur Fighter on Jan 9, 2024.
             Succumbed to a gnoll's poison
             ... on level 4 of the Dungeon.
             The game lasted 00:07:51 (3067 turns).

Jynx the Basher (Minotaur Fighter)                  Turns: 3067, Time: 00:07:51

Health: 0/87       AC: 11    Str: 21    XL:     7   Next: 51%
Magic:  6/6        EV:  9    Int:  5    God:
Gold:   193        SH:  4    Dex: 11    Spells: 6/6 levels left

rFire   . . .        a - +1 flail (chaos)
rCold   . . .        c - +0 buckler
rNeg    . . .        b - +0 scale mail
rPois   .            (helmet restricted)
rElec   .            (no cloak)
rCorr   .            (no gloves)
SInv    .            (no boots)
Will    .....        (no amulet) Stlth
                     j - +4 ring of protection
HPRegen 0.34/turn    (no ring)
MPRegen 0.10/turn

%: no passive effects
@: berserking, lethally poisoned (0 -> -7), very quick
A: horns 2, retaliatory headbutt
a: no special abilities


You were on level 4 of the Dungeon.
You visited 1 branch of the dungeon, and saw 4 of its levels.

You collected 193 gold pieces.

Inventory:

Hand Weapons
 a - a +1 flail of chaos (weapon)
Armour
 b - a +0 scale mail (worn)
 c - a +0 buckler (worn)
 d - the +3 leather armour of the Dull Wumpus {Will+}
   (You found it on level 3 of the Dungeon)

   Will:      It increases your willpower.
Jewellery
 j - a +4 ring of protection (left hand)
 A - a ring of fire
Scrolls
 e - 2 scrolls of teleportation {unknown}
 k - a scroll of summoning {unknown}
 l - a scroll of enchant armour {unknown}
 m - a scroll of vulnerability {unknown}
 n - 5 scrolls of identify {unknown}
 p - a scroll of fog {unknown}
 r - a scroll of brand weapon
 u - 3 scrolls of enchant weapon
 v - a scroll of fear {unknown}
 w - a scroll of amnesia {unknown}
 y - a scroll of magic mapping {unknown}
Potions
 g - a potion of magic {unknown}
 i - 3 potions of attraction
 o - a potion of cancellation {unknown}
 q - a potion of brilliance {unknown}
 s - a potion of ambrosia {unknown}
 t - a potion of lignification {unknown}
 x - a potion of haste {unknown}
 z - 2 potions of invisibility {unknown}
 B - a potion of flight {unknown}


   Skills:
 - Level 3.9 Fighting
 * Level 10.1 Maces & Flails
 - Level 3.8 Armour
 - Level 3.8 Shields


You had 6 spell levels left.
You didn't know any spells.
Your spell library contained the following spells:

 Spells                   Type           Power      Damage    Failure   Level
 Beastly Appendage        Tmut           0%         N/A       87%         1
 Slow                     Hex            0%         N/A       87%         1
 Lesser Beckoning         Tloc           0%         N/A       95%         2
 Wereblood                Tmut           0%         N/A       95%         2
 Confusing Touch          Hex            0%         N/A       99%         3
 Frozen Ramparts          Ice            0%         1d1       99%         3
 Gell's Gravitas          Tloc           0%         N/A       99%         3
 Spider Form              Tmut/Pois      0%         N/A       99%         3
 Teleport Other           Tloc           0%         N/A       99%         3
 Vampiric Draining        Necr           0%         2d6       99%         3
 Ice Form                 Ice/Tmut       0%         N/A       100%        4
 Summon Ice Beast         Ice/Summ       0%         N/A       100%        4


Dungeon Overview and Level Annotations

Branches:
Dungeon (4/15)
 Temple: D:4-7

Altars:
Elyvilon

Shops:
D:2 *

Annotations:
D:4 1 transporter


Innate Abilities, Weirdness & Mutations

You have a pair of horns on your head.
You reflexively headbutt those who attack you in melee.


Message History

The gnoll misses you. You furiously retaliate!
You headbutt the gnoll. You hit the gnoll but do no damage.
Your headbutt misses the gnoll.
The gnoll is almost dead.
* * * LOW HITPOINT WARNING * * *
You feel very sick. The gnoll misses you.
The gnoll hits you but does no damage.
You are lethally poisoned!
The gnoll closely misses you.
You feel better. The gnoll closely misses you.
The gnoll hits you from afar with a +2 halberd of venom.
You are poisoned.
You are too injured to fight recklessly!
Unknown command.
You hit the gnoll.
You kill the gnoll!
You feel very sick. The gnoll hits you with a +0 flail!
* * * LOW HITPOINT WARNING * * *
The gnoll closely misses you.
You feel better. You block the gnoll's attack.
The gnoll hits you from afar with a +2 halberd of venom.
* * * LOW HITPOINT WARNING * * *
You barely miss the gnoll. Your headbutt misses the gnoll.
The gnoll closely misses you.
The gnoll hits you from afar with a +2 halberd of venom!
* * * LOW HITPOINT WARNING * * *
You are lethally poisoned!
It was a potion of berserk rage.
A red film seems to cover your vision as you go berserk!
You feel yourself moving faster!
You feel mighty!
* * * LOW HITPOINT WARNING * * *
You feel very sick. The gnoll closely misses you. x2
Unknown command.
Unknown command.
You sock the gnoll!
You kill the gnoll!
* * * LOW HITPOINT WARNING * * *
You feel sick.
You die...

....≈≈≈≈≈≈≈≈≈≈≈≈~≈≈≈ ≈≈≈≈≈≈≈≈....
....≈≈#####......... #####≈≈....
....≈≈#. .#.###.©.## #.#.#≈≈....
....≈≈#. .###g##### #...#≈≈....
....≈≈## ... ...###≈≈....
.#..≈≈.8 ##'## '##.#8.≈≈....
.#'.≈≈.## #8).#...#.##.≈≈....
....~~.#g #⌠©)....'..#.~~..##
....≈≈.## #. #8@)#...#.##.≈≈.###
....≈≈.8#.######g## '## #8.≈≈...#
....≈≈###.......g. ....###≈≈....
†...≈≈#..g###g#####.# #...#≈≈....
.)).≈≈#g#g#.###.©.###.#.#.#≈≈....
.#).≈≈#####...........#####≈≈....
.#..≈≈≈≈≈≈≈≈≈≈≈...≈≈≈≈≈≈≈≈≈≈≈...#
.#..≈≈≈≈≈≈≈≈≈≈≈...≈≈≈≈≈≈≈≈≈≈≈...#
.#..............................#


You could see 2 gnolls.

Vanquished Creatures
  The ghost of bimbombam the Cudgeller, an amateur MiFi (D:4)
  Menkaure (D:4)
  A phantom (D:4)
  Blork the orc (D:4)
  A hound (D:3)
  An orc priest (D:4)
  Natasha (thrice) (D:4)
  2 adders
  11 gnolls
  2 worms (D:2)
  5 dart slugs
  7 orcs (D:4)
  8 ball pythons
  13 endoplasms
  2 giant cockroaches
  8 goblins
  4 hobgoblins
  3 jackals (D:2)
  A quokka (D:4)
  6 bats
  10 kobolds
  7 rats
98 creatures vanquished.

Notes
Turn   | Place    | Note
-------+----------+-------------------------------------------
     0 | D:1      | Jynx the Minotaur Fighter began the quest for the Orb.
     0 | D:1      | Reached XP level 1. HP: 19/19 MP: 0/0
   121 | D:1      | Reached XP level 2. HP: 22/25 MP: 1/1
   415 | D:1      | Reached skill level 3 in Maces & Flails
   839 | D:2      | Reached XP level 3. HP: 31/33 MP: 2/2
   880 | D:2      | Found Adahawne's Assorted Antiques.
   931 | D:2      | Reached skill level 4 in Maces & Flails
  1261 | D:2      | Reached XP level 4. HP: 40/40 MP: 3/3
  1503 | D:3      | Reached skill level 5 in Maces & Flails
  1678 | D:3      | Reached XP level 5. HP: 46/46 MP: 4/4
  1680 | D:3      | Reached skill level 6 in Maces & Flails
  1684 | D:3      | Identified the +3 leather armour of the Dull Wumpus {Will+}
  2357 | D:4      | Noticed Natasha
  2362 | D:4      | Killed Natasha
  2614 | D:4      | Noticed a phantom
  2619 | D:4      | Killed a phantom
  2620 | D:4      | Reached skill level 7 in Maces & Flails
  2620 | D:4      | Reached XP level 6. HP: 52/52 MP: 5/5
  2656 | D:4      | Noticed Menkaure
  2673 | D:4      | Killed Menkaure
  2674 | D:4      | Reached skill level 8 in Maces & Flails
  2767 | D:4      | Noticed Natasha
  2791 | D:4      | Killed Natasha
  2881 | D:4      | Found a white marble altar of Elyvilon.
  2881 | D:4      | Noticed Natasha
  2888 | D:4      | Killed Natasha
  2948 | D:4      | Reached skill level 9 in Maces & Flails
  2948 | D:4      | Reached XP level 7. HP: 51/58 MP: 6/6
  2987 | D:4      | Noticed Blork the orc
  2995 | D:4      | Killed Blork the orc
  3032 | D:4      | Found a transporter.
  3033 | D:4      | Found a transporter.
  3045 | D:4      | Noticed bimbombam's ghost (amateur MiFi)
  3054 | D:4      | Killed bimbombam's ghost
  3055 | D:4      | Reached skill level 10 in Maces & Flails
  3065 | D:4      | HP: 3/87 [poisoned by a gnoll]
  3066 | D:4      | HP: 1/87 [poisoned by a gnoll]
  3067 | D:4      | Succumbed to a gnoll's poison

Illustrated notes

Levels and vault maps discovered:
D:1:      saegor_arrival_miasma, layout_loops_corners
D:2:      layout_rooms, serial_shops, nicolae_square_shop, grunt_ministairs_15
D:3:      layout_basic, minmay_misc_feat_square
D:4:      layout_basic, kennysheep_mini_moat, gammafunk_ghost_gnarly_gnolls,
          uniq_blork_the_orc, uniq_natasha, uniq_menkaure

Skill      XL: |  1  2  3  4  5  6  7 |
---------------+----------------------+-----
Maces & Flails | 3 4 5 7 9 10 | 10.1
Fighting       | |  3.9
Armour         | |  3.8
Shields        | |  3.8

Action                     |  1- 3 |  4- 6 |  7- 9 || total
---------------------------+-------+-------+-------++-------
  Melee: Flail             |   100 |    97 |    18 ||   215
         Headbutt          |    11 |    12 |     4 ||    27
    Use: Potion            |     1 |     1 |     4 ||     6
         Scroll            |     1 |     1 |       ||     2
 Armour: Scale mail        |    44 |    37 |     5 ||    86
  Dodge: Dodged            |    54 |    41 |    18 ||   113
  Block: Buckler           |    24 |    18 |     6 ||    48
